 Dungeon Crawl Stone Soup version 0.20.1-1-g8b1a95d (webtiles) character file.

326 Rurstahk the Slasher (level 6, -23/42 HPs)
             Began as a Human Fighter on Oct 10, 2017.
             Annihilated by an ogre
             ... wielding a +0 giant club
              (25 damage)
             ... on level 4 of the Dungeon.
             The game lasted 00:07:51 (2209 turns).

Rurstahk the Slasher (Human Fighter)                Turns: 2209, Time: 00:07:52

Health: -23/42     AC:  7    Str: 18 (19) XL:     6   Next: 78%
Magic:  6/6        EV:  7    Int:  8      God:
Gold:   26         SH:  9    Dex: 14 (15) Spells: 5/5 levels left

rFire    + . .     SeeInvis +   a - +0 long sword
rCold    . . .     Gourm    .   c - +0 shield
rNeg     . . .     Faith    .   b - +0 scale mail
rPois    .         Spirit   .   (no helmet)
rElec    .         Reflect  .   (no cloak)
rCorr    .         Harm     .   (no gloves)
MR       .....                  (no boots)
Stlth    ..........             (no amulet)
Regen    0.2/turn               m - ring of protection from fire
MPRegen  0.1/turn               k - +3 ring of dexterity

@: no status effects
A: see invisible, frail 1
a: no special abilities


You were on level 4 of the Dungeon.
You were not hungry.

You visited 1 branch of the dungeon, and saw 4 of its levels.

You collected 138 gold pieces.
You spent 112 gold pieces at shops.

Inventory:

Hand Weapons
 a - a +0 long sword (weapon)
 h - a +0 scythe
Armour
 b - a +0 scale mail (worn)
 c - a +0 shield (worn)
 l - a +2 robe of positive energy
Jewellery
 g - an uncursed ring of wizardry
 k - a +3 ring of dexterity (right hand)
 m - a ring of protection from fire (left hand)
Scrolls
 d - a scroll of magic mapping {unknown}
 e - a scroll of amnesia {unknown}
 j - 5 scrolls of identify {unknown}
 o - 3 scrolls of teleportation {unknown}
 s - 2 scrolls of fog {unknown}
 t - a scroll of remove curse {unknown}
 w - a scroll of recharging {unknown}
Potions
 i - a potion of degeneration
 n - a potion of magic
 q - 2 potions of heal wounds
 u - 2 potions of haste
 v - a potion of curing
Comestibles
 f - 3 bread rations
 p - 2 meat rations
 r - 2 royal jellies


   Skills:
 + Level 3.4 Fighting
 + Level 4.6 Long Blades
 + Level 4.2 Armour
 + Level 0.8 Dodging
 + Level 0.4 Stealth
 + Level 4.2 Shields


You had 5 spell levels left.
You didn't know any spells.

Dungeon Overview and Level Annotations

Branches:
Dungeon (4/15)
 Temple: D:4-7

Altars:
Gozag
Trog

Shops:
D:2 *   D:4 =([*!


Innate Abilities, Weirdness & Mutations

You have supernaturally acute eyesight. (SInv)
You are frail. (-10% HP)


Message History

You hit the ogre but do no damage. The ogre hits you with a giant club!!
Your shield and scale mail prevent you from hitting the ogre.
The ogre hits you with a giant club.
You hit the ogre.
The ogre is lightly wounded.
The ogre barely misses you.
You slash the ogre!
The ogre is moderately wounded.
The ogre hits you with a giant club!
* * * LOW HITPOINT WARNING * * *
A hound comes into view.
The hound barks!
Your shield and scale mail prevent you from hitting the ogre.
The ogre is moderately wounded.
You block the ogre's attack.
You completely miss the ogre.
The ogre is moderately wounded.
The ogre hits you with a giant club!!
Ouch! That really hurt!
You die...

#. # #. #.#.
##.#.
.##...h#####
...........
#...O#.##
#@..# +...+
#...# #...#
#...# #...#
+...+ #...#
#...#


You could see an ogre and a hound.

Vanquished Creatures
  Sigmund (D:3)
  The ghost of letownia the Insei, an amateur OpTm (D:3)
  A worker ant (D:4)
  An adder (D:3)
  2 oozes
  A worm (D:2)
  A dart slug (D:1)
  3 leopard geckos
  2 orcs (D:3)
  3 giant cockroaches
  6 goblins
  4 hobgoblins
  6 jackals
  3 kobolds
  2 quokkas
  A ball python (D:1)
  8 bats
  4 frilled lizards (D:1)
  3 rats
53 creatures vanquished.

Notes
Turn   | Place    | Note
-------+----------+-------------------------------------------
     0 | D:1      | Rurstahk the Human Fighter began the quest for the Orb.
     0 | D:1      | Reached XP level 1. HP: 18/18 MP: 1/1
   164 | D:1      | Reached XP level 2. HP: 22/24 MP: 2/2
   402 | D:1      | Reached XP level 3. HP: 29/29 MP: 3/3
   848 | D:2      | Found an opulent altar of Gozag.
   864 | D:2      | Found Gozag's Platinum Reserve.
   941 | D:2      | Found a faded altar of an unknown god.
   968 | D:2      | Reached XP level 4. HP: 32/35 MP: 4/4
  1022 | D:2      | Found a bloodstained altar of Trog.
  1118 | D:2      | You fall through a shaft!
  1148 | D:3      | Noticed letownia's ghost (amateur OpTm)
  1155 | D:3      | Killed letownia's ghost
  1155 | D:3      | Reached XP level 5. HP: 34/41 MP: 5/5
  1210 | D:3      | Noticed Sigmund
  1221 | D:3      | Gained mutation: You are frail. (-10% HP) [potion of mutation]
  1221 | D:3      | Gained mutation: You have supernaturally acute eyesight. (SInv) [potion of mutation]
  1233 | D:3      | Killed Sigmund
  1233 | D:3      | Reached XP level 6. HP: 31/42 MP: 6/6
  1801 | D:4      | Found Ahoom's Armour Boutique.
  1803 | D:4      | Found Ygoa's Antique Weapon Boutique.
  1811 | D:4      | Found Pularud Jank's Distillery.
  1814 | D:4      | Found Kuichogh's Assorted Antiques.
  1829 | D:4      | Bought a potion of heal wounds for 70 gold pieces
  1829 | D:4      | Bought a potion of curing for 42 gold pieces
  1875 | D:4      | Found Subagall's Jewellery Emporium.
  1885 | D:4      | Noticed an ogre
  2207 | D:4      | HP: 2/42 [ogre/giant club (15)]
  2209 | D:4      | Annihilated by an ogre

Skill      XL: |  1  2  3  4  5 |
---------------+----------------+-----
Long Blades    | 3 4 |  4.6
Armour         | 4 |  4.2
Shields        | 4 |  4.2
Fighting       | |  3.4
Dodging        | |  0.8
Stealth        | |  0.4

Action                   |  1- 3 |  4- 6 || total
-------------------------+-------+-------++-------
Melee: Long sword        |   117 |    74 ||   191
  Use: Potion            |       |     7 ||     7
  Eat: Chunk             |       |     2 ||     2
       Meat ration       |       |     1 ||     1
Armor: Scale mail        |    80 |    27 ||   107
Dodge: Dodged            |    30 |    23 ||    53
Block: Shield            |    86 |    42 ||   128
       Rpst.: Long sword |    12 |     7 ||    19
